 Dungeon Crawl Stone Soup version 0.21.1-1-g345015f (webtiles) character file.

70166 Monsterracer the Quickloader (level 14, 0/74 HPs)
             Began as a Spriggan Hunter on Feb 16, 2018.
             Was a High Priest of Okawaru.
             Slain by a lindwurm (6 damage)
             ... while paralysed by a hornet
             ... on level 6 of the Lair of Beasts.
             The game lasted 00:51:19 (17037 turns).

Monsterracer the Quickloader (Spriggan Hunter)     Turns: 17037, Time: 00:51:20

Health: 0/74       AC:  7    Str: 12    XL:     14   Next: 93%
Magic:  27/27      EV:  4    Int: 13    God:    Okawaru [*****.]
Gold:   777        SH:  0    Dex: 23    Spells: 18/29 levels left

rFire    + . .     SeeInvis +   a - +7 arbalest (freeze)
rCold    + . .     Gourm    .   (shield currently unavailable)
rNeg     . . .     Faith    .   F - +2 robe {rF+}
rPois    .         Spirit   .   Q - +0 hat "Qualoc" {rC+}
rElec    .         Reflect  .   z - +2 cloak
rCorr    .         Harm     .   (gloves unavailable)
MR       ++...                  (boots unavailable)
Stlth    ++++++....             n - amulet of regeneration
HPRegen  0.62/turn              A - +6 ring of dexterity
MPRegen  0.20/turn              I - +6 ring of slaying

@: paralysed, lethally poisoned (0 -> -1), heroism, slowed, very quick
A: very small, unfitting armour, see invisible, herbivore, speed 3, slow
metabolism 2
a: Heroism, Finesse, Renounce Religion


You were on level 6 of the Lair of Beasts.
You worshipped Okawaru.
Okawaru was extremely pleased with you.
You were not hungry.

You visited 3 branches of the dungeon, and saw 17 of its levels.
You also visited: Ice Cave and Volcano.

You collected 988 gold pieces.
You spent 211 gold pieces at shops.

Inventory:

Hand Weapons
 a - a +7 arbalest of freezing (weapon)
 b - the +8 war axe of the Radish {chop, +Rage rPois Str-4}
   (You found it on level 9 of the Dungeon)

   It inflicts extra damage upon your enemies.
   It affects your strength (-4).
   It protects you from poison.
   It lets you go berserk.
 w - the +5 mace "Rium" {freeze, rElec Int+4 Dex+3}
   (You found it on level 9 of the Dungeon)

   It has been specially enchanted to freeze those struck by it, causing extra
   injury to most foes and up to half again as much damage against particularly
   susceptible opponents.
   It can also slow down cold-blooded creatures.
   It affects your intelligence (+4).
   It affects your dexterity (+3).
   It insulates you from electricity.
 x - a +2 triple crossbow of freezing
Missiles
 d - 165 bolts (quivered)
Armour
 z - a +2 cloak (worn)
 F - a +2 robe of fire resistance (worn)
 N - a scarf of repulsion
 Q - the +0 hat "Qualoc" (worn) {rC+}
   (You acquired it on level 3 of the Lair of Beasts)

   It protects you from cold.
Jewellery
 e - an uncursed ring of resist corrosion {!d}
 l - an uncursed ring of flight
 n - an amulet of regeneration (around neck)
 A - a +6 ring of dexterity (left hand)
 I - a +6 ring of slaying (right hand)
Wands
 f - a wand of polymorph (30)
 p - a wand of random effects (4)
 t - a wand of acid (6)
 y - a wand of disintegration (47)
 H - a wand of clouds (5)
Scrolls
 i - 6 scrolls of remove curse
 o - 2 scrolls of fog
 r - 7 scrolls of teleportation
 J - 3 scrolls of enchant armour
 K - a scroll of amnesia
 M - 3 scrolls of magic mapping {!r}
Potions
 g - 2 potions of mutation {!q}
 h - 5 potions of haste
 j - a potion of lignification
 k - 5 potions of agility
 m - 2 potions of berserk rage {!q}
 q - 4 potions of resistance
 s - 4 potions of curing
 u - 5 potions of brilliance
 v - 7 potions of might
 D - 3 potions of flight
 G - a potion of invisibility
 L - a potion of cancellation
Miscellaneous
 C - a lamp of fire
Comestibles
 c - 27 rations


   Skills:
 + Level 8.7(13.7) Fighting
 - Level 5.0(10.0) Axes
 * Level 14.1(19.1) Crossbows
 + Level 13.8(18.8) Dodging
 - Level 10.0(15.0) Stealth
 - Level 3.3(8.3) Unarmed Combat
 + Level 8.4 Spellcasting
 - Level 3.2 Hexes
 - Level 4.0 Translocations
 + Level 8.3 Invocations
 - Level 6.0 Evocations


You had 18 spell levels left.
You knew the following spells:

 Your Spells              Type           Power        Failure   Level  Hunger
a - Portal Projectile     Hex/Tloc       ##....       9%          3    ##.....
c - Ozocubu's Armour      Chrm/Ice       #.......     36%         3    ##.....
d - Blade Hands           Tmut           #.........   98%         5    #####..


Dungeon Overview and Level Annotations

Branches:
Dungeon (10/15)            Temple (1/1) D:7            Lair (6/6) D:10
  Swamp (0/4) Lair:2       Spider (0/4) Lair:2        Slime (0/5) Lair:6
    Orc: D:9-12

Altars:
Ashenzari
Cheibriados
Dithmenos
Elyvilon
Fedhas
Gozag
Hepliaklqana
Kikubaaqudgha
Makhleb
Nemelex Xobeh
Okawaru
Qazlal
Ru
Sif Muna
Trog
Uskayaw
Vehumet
Wu Jian
Xom
Yredelemnul
Zin
The Shining One
Beogh
Jiyva

Shops:
D:4 (

Annotations:
Lair:6 1 runed door


Innate Abilities, Weirdness & Mutations

You are very small and have problems with some larger weapons.
You are too small for most types of armour.
You have supernaturally acute eyesight. (SInv)
You are a herbivore.
You cover ground extremely quickly.
You need consume almost no food.


Message History

u - 5 potions of brilliance (gained 1)
A torpor snail comes into view.
Found a runed door.
A torpor snail is nearby!
Being near the torpor snail leaves you feeling lethargic.
The helpless torpor snail fails to defend itself.
You slice the torpor snail!!
The torpor snail is heavily wounded.
You slash the plant! The torpor snail completely misses you.
You slash the torpor snail!
The torpor snail is severely wounded.
You hit the plant but do no damage. The torpor snail completely misses you.
You slash the torpor snail!
You kill the torpor snail!
Okawaru accepts your kill.
You hit the plant.
You feel yourself speed up.
No target in view!
No target in view!
A hornet comes into view.
A torpor snail comes into view.
Being near the torpor snail leaves you feeling lethargic.
Your +7 arbalest of freezing is covered in frost.
a - a +7 arbalest of freezing (weapon)
The hornet buzzes angrily.
You hear an angry buzzing noise.
You gain the combat prowess of a mighty hero.
You now have 25/27 mp.
Firing (i - inventory):
d - 172 bolts (quivered)
Press: ? - help, Shift-Dir - straight line, f - hornet
Aim: a hornet You shoot a bolt.
The bolt hits the hornet.
The bolt freezes the hornet.
The hornet is lightly wounded.
You hear a roar!
The hornet completely misses you.
Firing (i - inventory):
d - 171 bolts (quivered)
Press: ? - help, Shift-Dir - straight line, f/p - hornet
Aim: a hornet (lightly wounded)
You shoot a bolt. The bolt barely misses the hornet.
The bolt hits the torpor snail!
The bolt freezes the torpor snail.
The torpor snail is moderately wounded.
The hornet closely misses you. x2
Firing (i - inventory):
d - 170 bolts (quivered)
Press: ? - help, Shift-Dir - straight line, f/p - hornet
Aim: a hornet (lightly wounded)
You shoot a bolt. The bolt hits the hornet!!
The bolt freezes the hornet!
The hornet is almost dead.
The hornet completely misses you. x2; The hornet misses you.
Firing (i - inventory):
d - 169 bolts (quivered)
Press: ? - help, Shift-Dir - straight line, f/p - hornet
Aim: a hornet (almost dead)
You shoot a bolt. The bolt closely misses the hornet.
The bolt hits the plant!
The bolt freezes the plant.
The plant is moderately damaged.
The hornet closely misses you. The torpor snail completely misses you.
The hornet completely misses you.
A lindwurm comes into view.
Firing (i - inventory):
d - 168 bolts (quivered)
Press: ? - help, Shift-Dir - straight line, f/p - hornet
Aim: a hornet (almost dead)
You shoot a bolt. The bolt closely misses the hornet.
The bolt hits the plant but does no damage.
The plant is moderately damaged.
The hornet closely misses you. The hornet completely misses you.
The torpor snail completely misses you.
Firing (i - inventory):
d - 167 bolts (quivered)
Press: ? - help, Shift-Dir - straight line, f/p - hornet
Aim: a hornet (almost dead)
You shoot a bolt. The bolt barely misses the hornet.
The bolt hits the lindwurm!!
The bolt freezes the lindwurm.
The lindwurm is heavily wounded.
The hornet completely misses you. The hornet stings you.
You feel as though you will be slow longer.
The torpor snail completely misses you. The hornet completely misses you.
You take 1 damage, and have 73/74 hp.
MP restored: 27 Firing (i - inventory):
d - 166 bolts (quivered)
Press: ? - help, Shift-Dir - straight line, f/p - hornet
Aim: a hornet (almost dead)
You shoot a bolt. The bolt closely misses the hornet.
The bolt hits the plant!
The bolt freezes the plant!
The plant is severely damaged.
The hornet stings you!
You suddenly lose the ability to move!
The lindwurm breathes flames at you.
Helpless, you fail to dodge the blast of flame.
You resist. The torpor snail bites you!!
* * * LOW HITPOINT WARNING * * *
The hornet stings you!
* * * LOW HITPOINT WARNING * * *
You are poisoned.
You feel as though you will be slow longer.
The lindwurm bites you.
* * * LOW HITPOINT WARNING * * *
The lindwurm claws you.
* * * LOW HITPOINT WARNING * * *
The lindwurm claws you.
* * * LOW HITPOINT WARNING * * *
You feel sick. The hornet completely misses you.
The torpor snail bites you but does no damage.
The lindwurm bites you.
You die...

##### .####
###.P.### .....##
###.......##
P....###....###...##
#..#.....## ##...###
###.....### ###...#
###..k..### ##..P##
#.P((y@## ##..⌠#+
#......w## #...##
.......w## ##..##
..##.#... ##..## .
##.#.. #...###
##.#.. #..##.## # #.
##P.#..## ..
##...#.## #........


You could see a tyrant leech, a torpor snail, a lindwurm and a hornet.

Vanquished Creatures
  The ghost of homeworkjunkie the Cleaver, a journeyman HOFi of Okawaru (Lair:5)
  5 hydras
  4 two-headed ogres
  A death yak (Lair:5)
  Urug (Lair:3)
  A salamander mystic (Volcano)
  A hell knight (Volcano)
  An unseen horror (D:10)
  A lindwurm (Lair:6)
  Pikel (D:8)
  An oklob plant (Lair:5)
  A deep elf mage (D:9)
  3 elephants (Lair:2)
  A cyclops (D:9)
  4 salamanders (Volcano)
  6 black mambas
  2 molten gargoyles (Volcano)
  2 ice statues (IceCv)
  3 torpor snails
  10 spiny frogs
  The ghost of Phong the Slasher, a novice OpFi (D:6)
  3 rime drakes
  5 ice devils
  9 komodo dragons
  A jumping spider (Lair:2)
  The ghost of Solrac the Slasher, an amateur MiFi of Makhleb (D:5)
  4 trolls
  15 blink frogs
  A slime creature (D:9)
  6 hippogriffs
  A redback (Lair:2)
  Sigmund (D:6)
  22 yaks
  2 wyverns (Lair:2)
  2 fire bats (Volcano)
  5 basilisks
  3 insubstantial wisps (Lair:2)
  12 water moccasins
  Duvessa (D:5)
  2 ice beasts
  17 porcupines
  A swamp drake (Lair:6)
  2 black bears
  An orc warrior (D:6)
  A phantom (D:7)
  A sky beast (D:10)
  4 wolves (Lair:6)
  7 ogres
  3 centaurs
  10 crocodiles
  A big kobold (D:9)
  10 bullfrogs
  A water moccasin zombie (D:9)
  Dowan (D:5)
  2 scorpions
  14 killer bees
  4 wights
  4 electric eels
  A howler monkey (D:4)
  2 crimson imps
  3 lava snakes (Volcano)
  6 hounds
  A quasit (D:8)
  6 orc wizards
  8 orc priests
  Crazy Yiuf (D:4)
  Ijyb (D:3)
  A centaur skeleton (D:6)
  A gnoll shaman (D:6)
  4 bullfrog skeletons
  An iguana (D:4)
  3 hell rats (Lair:4)
  8 worker ants
  2 hound zombies
  A worker ant zombie (D:7)
  7 gnolls
  3 river rats (Lair:4)
  9 adders
  A shadow imp (D:9)
  7 white imps (IceCv)
  9 ufetubi (IceCv)
  4 oozes
  An adder skeleton (D:6)
  3 dart slugs
  3 leopard geckos
  18 orcs
  5 giant cockroaches
  10 goblins
  10 hobgoblins
  13 jackals
  4 quokkas
  3 ball pythons
  6 bats
  6 frilled lizards
  7 kobolds
  A leopard gecko skeleton (D:4)
  A leopard gecko zombie (D:8)
  A quokka skeleton (D:7)
  2 quokka zombies
  14 rats
  A bush (Lair:5)
  2 fungi
  3 plants (Lair:5)
435 creatures vanquished.

Vanquished Creatures (others)
  2 white imps (IceCv)
  An ufetubus (IceCv)
  A hobgoblin (D:3)
  A quokka (D:3)
  3 plants (Lair:6)
8 creatures vanquished.

Grand Total: 443 creatures vanquished

Notes
Turn   | Place    | Note
-------+----------+-------------------------------------------
     0 | D:1      | Monsterracer the Spriggan Hunter began the quest for the Orb.
     0 | D:1      | Reached XP level 1. HP: 10/10 MP: 2/2
   202 | D:1      | Reached skill level 1 in Unarmed Combat
   253 | D:1      | Reached XP level 2. HP: 14/14 MP: 3/3
   631 | D:1      | Reached XP level 3. HP: 18/18 MP: 4/4
  1039 | D:2      | HP: 9/18 [ooze (3)]
  1745 | D:2      | Reached XP level 4. HP: 16/23 MP: 5/5
  2349 | D:3      | Noticed Ijyb
  2383 | D:3      | HP: 4/23 [acid (8)]
  2383 | D:3      | HP: 1/23 [Ijyb/club (3)]
  2385 | D:3      | Killed Ijyb
  2550 | D:3      | Reached XP level 5. HP: 25/27 MP: 6/6
  2891 | D:4      | Reached XP level 6. HP: 26/32 MP: 7/7
  2962 | D:4      | Reached skill level 5 in Crossbows
  3041 | D:4      | Found Gicuh's Weapon Boutique.
  3440 | D:4      | Found a runed door.
  3445 | D:4      | Noticed Crazy Yiuf
  3450 | D:4      | Killed Crazy Yiuf
  3488 | D:5      | Entered Level 5 of the Dungeon
  3503 | D:5      | Noticed Solrac's ghost (amateur MiFi)
  3813 | D:5      | Learned a level 5 spell: Blade Hands
  3825 | D:5      | Noticed Duvessa
  3825 | D:5      | Noticed an ice beast
  4065 | D:5      | Noticed Dowan
  4101 | D:5      | Killed Dowan
  4101 | D:5      | Reached XP level 7. HP: 27/36 MP: 8/8
  4200 | D:5      | HP: 18/36 [Duvessa/enchanted short sword (5)]
  4226 | D:5      | Killed Duvessa
  4236 | D:5      | HP: 13/36 [Solrac's ghost (10)]
  4271 | D:5      | HP: 13/36 [Solrac's ghost (13)]
  4403 | D:5      | Killed Solrac's ghost
  4403 | D:5      | Reached skill level 6 in Crossbows
  4403 | D:5      | Reached skill level 5 in Dodging
  4403 | D:5      | Reached skill level 5 in Stealth
  4746 | D:6      | Reached XP level 8. HP: 40/42 MP: 9/9
  4873 | D:4      | Bought a +1 arbalest of freezing for 211 gold pieces
  4982 | D:6      | Reached skill level 7 in Crossbows
  5109 | D:6      | Noticed Sigmund
  5111 | D:6      | Killed Sigmund
  5205 | D:6      | Noticed Phong's ghost (novice OpFi)
  5210 | D:6      | Killed Phong's ghost
  5210 | D:6      | Reached skill level 8 in Crossbows
  5418 | D:6      | Reached XP level 9. HP: 46/46 MP: 10/10
  5478 | D:6      | HP: 22/46 [orc priest/dagger (4)]
  5478 | D:6      | HP: 9/46 [orc priest/divine providence (13)]
  5762 | D:6      | Learned a level 3 spell: Ozocubu's Armour
  6046 | D:7      | Reached skill level 1 in Spellcasting
  6115 | D:7      | Found the +7 great mace "Firestarter" {inner flame, rF++}
  6120 | D:7      | Found a staircase to the Ecumenical Temple.
  6124 | Temple   | Entered the Ecumenical Temple
  6131 | Temple   | Became a worshipper of Warmaster Okawaru
  6511 | D:7      | Reached skill level 5 in Fighting
  6598 | D:7      | Found a roughly hewn altar of Beogh.
  6603 | D:7      | HP: 20/47 [orc priest/divine providence (14)]
  6847 | D:7      | Found a burning altar of Makhleb.
  7035 | D:8      | Noticed a two-headed ogre
  7052 | D:8      | Killed a two-headed ogre
  7052 | D:8      | Reached * piety under Okawaru
  7052 | D:8      | Reached skill level 9 in Crossbows
  7052 | D:8      | Reached skill level 1 in Invocations
  7243 | D:8      | Noticed Pikel
  7257 | D:8      | Killed Pikel
  7257 | D:8      | Reached XP level 10. HP: 39/51 MP: 14/16
  7432 | D:9      | Learned a level 3 spell: Portal Projectile
  7545 | D:9      | Reached ** piety under Okawaru
  7987 | D:9      | Got a smoking mace
  8033 | D:9      | Identified the +5 mace "Rium" {freeze, rElec Int+4 Dex+3} (You found it on level 9 of the Dungeon)
  8228 | D:9      | Reached skill level 10 in Crossbows
  8238 | D:9      | Noticed a two-headed ogre
  8251 | D:9      | Killed a two-headed ogre
  8251 | D:9      | Reached *** piety under Okawaru
  8251 | D:9      | Received a gift from Okawaru
  8481 | D:9      | Noticed a cyclops
  8489 | D:9      | HP: 7/53 [cyclops/large rock (24)]
  8620 | D:9      | Reached skill level 5 in Spellcasting
  8654 | D:9      | HP: 24/53 [cyclops/large rock (29)]
  8823 | D:9      | Reached skill level 10 in Dodging
  8886 | D:9      | Reached skill level 1 in Evocations
  8922 | D:9      | Got an encrusted war axe
  8942 | D:9      | Killed a cyclops
  8943 | D:9      | Identified the +8 war axe of the Radish {chop, +Rage rPois Str-4} (You found it on level 9 of the Dungeon)
  8976 | D:9      | Noticed a deep elf mage
  8977 | D:9      | Found the +7 great mace "Undeadhunter" {disrupt, rN+}
  8987 | D:9      | Killed a deep elf mage
  8987 | D:9      | Reached skill level 10 in Stealth
  8987 | D:9      | Reached XP level 11. HP: 56/56 MP: 19/19
  9302 | D:10     | Entered Level 10 of the Dungeon
  9376 | D:10     | Reached **** piety under Okawaru
  9408 | D:10     | Noticed an unseen horror
  9416 | D:10     | Killed an unseen horror
  9479 | D:10     | Found a staircase to the Lair.
  9656 | D:10     | Noticed a two-headed ogre
  9659 | D:10     | Killed a two-headed ogre
  9680 | D:10     | Noticed a two-headed ogre
  9728 | D:10     | Killed a two-headed ogre
  9728 | D:10     | Received a gift from Okawaru
  9728 | D:10     | Reached skill level 1 in Axes
  9728 | D:10     | Reached skill level 11 in Crossbows
  9935 | D:10     | HP: 26/58 [troll (13)]
 10185 | Lair:1   | Entered Level 1 of the Lair of Beasts
 10358 | Lair:1   | HP: 21/58 [electric eel/bolt of electricity (10)]
 10556 | Lair:1   | Reached skill level 5 in Invocations
 10661 | Lair:1   | HP: 27/58 [yak (11)]
 10673 | Lair:1   | Reached ***** piety under Okawaru
 11018 | Lair:1   | Received a gift from Okawaru
 11293 | Lair:2   | Found a staircase to the Swamp.
 11363 | Lair:2   | Received a gift from Okawaru
 11363 | Lair:2   | Reached skill level 5 in Evocations
 11494 | Lair:2   | Reached XP level 12. HP: 63/63 MP: 20/20
 11604 | Lair:2   | Received a gift from Okawaru
 11673 | Lair:2   | Received a gift from Okawaru
 11730 | Lair:2   | Noticed a four-headed hydra
 11741 | Lair:2   | Killed a four-headed hydra
 11741 | Lair:2   | Reached skill level 12 in Crossbows
 11772 | Lair:2   | Found a hole to the Spider Nest.
 12262 | Lair:3   | Noticed an eight-headed hydra
 12269 | Lair:3   | Killed an eight-headed hydra
 12384 | Lair:3   | Found a dark tunnel.
 12390 | Volcano  | Entered a volcano
 12743 | Volcano  | Found a bloodstained altar of Trog.
 13108 | Lair:3   | Reached XP level 13. HP: 68/68 MP: 21/21
 13109 | Lair:3   | Received a gift from Okawaru
 13349 | Lair:3   | Noticed Urug
 13355 | Lair:3   | Killed Urug
 13355 | Lair:3   | Reached skill level 13 in Crossbows
 13444 | Lair:3   | Identified a scroll of acquirement
 13447 | Lair:3   | Got a polished hat
 13453 | Lair:3   | Identified the +0 hat "Qualoc" {rC+} (You acquired it on level 3 of the Lair of Beasts)
 13736 | Lair:4   | Found a frozen archway.
 13776 | IceCv    | Entered an ice cave
 14101 | IceCv    | HP: 31/68 [something (4)]
 14104 | IceCv    | HP: 11/68 [something (9)]
 14134 | IceCv    | HP: 32/68 [something (4)]
 14356 | Lair:4   | Received a gift from Okawaru
 14800 | Lair:4   | Reached skill level 5 in Axes
 14960 | Lair:4   | Received a gift from Okawaru
 14971 | Lair:4   | You fall through a shaft for 2 floors!
 14971 | Lair:6   | Entered Level 6 of the Lair of Beasts
 15026 | Lair:6   | Found a staircase to the Slime Pits.
 15026 | Lair:6   | Found a viscous altar of Jiyva.
 15075 | Lair:6   | HP: 34/68 [blink frog (4)]
 15077 | Lair:6   | HP: 3/68 [blink frog (17)]
 15082 | Lair:6   | HP: 20/68 [poisoned by a black mamba]
 15087 | Lair:6   | HP: 19/69 [poisoned by a black mamba]
 15093 | Lair:6   | HP: 20/69 [poisoned by a black mamba]
 15101 | Lair:6   | HP: 22/69 [poisoned by a black mamba]
 15109 | Lair:6   | HP: 24/69 [poisoned by a black mamba]
 15346 | Lair:5   | Noticed homeworkjunkie's ghost (journeyman HOFi)
 15369 | Lair:5   | Killed homeworkjunkie's ghost
 15369 | Lair:5   | Received a gift from Okawaru
 15470 | Lair:5   | Found an ancient bone altar of Kikubaaqudgha.
 15972 | Lair:5   | Reached XP level 14. HP: 74/74 MP: 23/27
 16750 | Lair:6   | Reached skill level 14 in Crossbows
 16851 | Lair:6   | Reached ****** piety under Okawaru
 16851 | Lair:6   | Received a gift from Okawaru
 17005 | Lair:6   | Found a runed door.
 17036 | Lair:6   | Paralysed by a hornet for 3 turns
 17036 | Lair:6   | HP: 26/74 [torpor snail (25)]
 17036 | Lair:6   | HP: 11/74 [lindwurm (5)]
 17037 | Lair:6   | Slain by a lindwurm

Skill      XL: |  1  2  3  4  5  6  7  8  9 10 11 12 13 14 |
---------------+-------------------------------------------+-----
Unarmed Combat | 1 2 3 |  3.3
Fighting       | 2 3 4 5 6 7 8 |  8.7
Stealth        | 2 4 5 6 8 10 | 10.0
Crossbows      | 5 6 8 9 10 11 12 13 14 | 14.1
Dodging        | 4 5 7 8 10 11 12 13 | 13.8
Spellcasting   | 3 5 8 |  8.4
Invocations    | 2 4 5 7 8 |  8.3
Evocations     | 1 5 6 |  6.0
Axes           | 2 4 5 |  5.0
Hexes          | 3 |  3.2
Translocations | 4 |  4.0

Action                   |  1- 3 |  4- 6 |  7- 9 | 10-12 | 13-15 || total
-------------------------+-------+-------+-------+-------+-------++-------
Melee: Short sword       |    18 |       |       |       |       ||    18
       Unarmed           |    99 |   150 |   195 |       |       ||   444
       Punch             |       |     2 |     3 |     5 |     4 ||    14
       Falchion          |       |       |     9 |    26 |       ||    35
       Mace              |       |       |       |    29 |       ||    29
       War axe           |       |       |       |   129 |   129 ||   258
 Fire: Hand crossbow     |    51 |    91 |    69 |       |       ||   211
       Arbalest          |       |       |    80 |   322 |   195 ||   597
       Triple crossbow   |       |       |       |       |     6 ||     6
Invok: Heroism           |       |       |       |     4 |     5 ||     9
       Finesse           |       |       |       |     1 |     2 ||     3
Evoke: Wand              |       |       |    20 |       |       ||    20
  Use: Scroll            |       |     6 |    13 |     7 |    12 ||    38
       Potion            |       |       |       |       |     4 ||     4
 Stab: Sleeping          |     4 |     2 |     4 |    11 |    13 ||    34
       Distracted        |     1 |     2 |       |       |       ||     3
  Eat: Ration            |       |     1 |     1 |     3 |     2 ||     7
Armor: Robe              |    11 |    21 |    18 |    46 |     6 ||   102
Dodge: Dodged            |    99 |   173 |   228 |   487 |   194 ||  1181
       Rpst.: Falchion   |       |       |     2 |    13 |       ||    15

Vault maps used:
D:1:      ncdulo_lavacross, minmay_nonomino_d4
D:2:      cheibrodos_greedy_goblins, hangedman_feature_mirror
D:3:      first_ration, uniq_ijyb
D:4:      serial_shops, kennysheep_mini, uniq_crazy_yiuf_cottage
D:5:      uniq_duvessa
D:6:      uniq_sigmund
D:7:      lightli_temple_of_fire, minmay_temple_entry_glassed_door, st_stairs_5,
          david_defended_altar_orc
D:8:      uniq_pikel
D:9:      minmay_tri_box
D:10:     lair_entry_dummy
Temple:   compressed_dpeg_triangle_lava_temple
Lair:1:   beast_lair_carwin_9
Lair:2:   minmay_swamp_entry_wisps, spider_nest_entry_a, lemuel_fruit_tree,
          grunt_megastairs_3, infiniplex_staircase_pool_2
Lair:3:   nicolae_volcano_entry_s_turn, beast_lair_carwin_10, uniq_urug
Lair:4:   portal_ice_cave_demonic_guard, kennysheep_abandoned_house,
          serial_bayou_shore_a
Lair:5:   serial_bayou_ford_a, lemuel_oklob_altar
Lair:6:   guppyfry_lair_end_dragon, wormcave, slime_altar_1
IceCv:    ice_cave_small_demon
Volcano:  volcano_lake
